 Dungeon Crawl Stone Soup version 0.27-a0-1287-gca74d27db6 (webtiles) character file.

Game seed: 12416061744072158791

2115 Vomitron the Magician (level 9, -9/65 HPs)
             Began as a Djinni Earth Elementalist on June 14, 2021.
             Was a Priest of Wu Jian.
             Killed from afar by Harold (10 damage)
             ... with a harpoon shot
             ... on level 6 of the Dungeon.
             The game lasted 00:11:39 (8154 turns).

Vomitron the Magician (Djinni Earth Elementalist)   Turns: 8154, Time: 00:11:40

Health: -9/65      AC:  3    Str:  7    XL:     9   Next: 54%
Gold:   286        EV: 15    Int: 19    God:    Wu Jian [***...] SH:  5 Dex: 15

rFire    + + .     SeeInvis .   a - +3 long sword (freeze)
rCold    x . .     Faith    .   d - +0 buckler
rNeg     . . .     Spirit   .   c - +0 robe
rPois    ∞         Reflect  .   (no helmet)
rElec    .         Harm     .   m - +0 cloak
rCorr    +         Rampage  .   (no gloves)
Will     .....                  (boots unavailable)
Stlth    ++........             (no amulet)
HPRegen  0.20/turn              e - ring of resist corrosion
MPRegen  0.00/turn              (no ring)

@: marked, flying
A: sickness immunity, fire resistance 2, cold vulnerability 1, float, innate
caster, hp casting, extra vitality 1
a: Renounce Religion, Wall Jump, Serpent's Lash


You were on level 6 of the Dungeon.
You worshipped Wu Jian.
Wu Jian was most pleased with you.
You visited 1 branch of the dungeon, and saw 7 of its levels.

You collected 286 gold pieces.

Inventory:

Hand Weapons
 a - a +3 long sword of freezing (weapon)
 b - a +5 hunting sling
 h - a +0 short sword
 w - a +0 whip of electrocution
 z - the +5 hand axe of Okawaru's Esteem {drain, Dex+4}
   (You found it on level 5 of the Dungeon)

   A truly terrible weapon, it drains the life of those it strikes.
   It affects your dexterity (+4).
 A - a +4 scimitar
Missiles
 f - 3 atropa-tipped darts
 q - 185 stones
 r - 45 sling bullets
Armour
 c - a +0 robe (worn)
 d - a +0 buckler (worn)
 m - a +0 cloak (worn)
Jewellery
 e - a ring of resist corrosion (left hand)
Wands
 j - a wand of polymorph (9)
 s - a wand of flame (22)
Scrolls
 i - a scroll of holy word
 l - a scroll of enchant weapon
 o - a scroll of fear {unknown}
 t - a scroll of torment {unknown}
 v - a scroll of fog
 x - a scroll of amnesia {unknown}
 y - a scroll of noise {unknown}
Potions
 g - 3 potions of haste
 k - 3 potions of curing
 n - a potion of attraction
 p - 2 potions of lignification
 u - 2 potions of flight
 B - 2 potions of mutation


   Skills:
 + Level 5.3 Fighting
 + Level 6.4 Dodging
 - Level 1.5 Stealth
 - Level 4.0 Shields
 * Level 6.6 Spellcasting


You couldn't memorise any spells.
You knew the following spells:

 Your Spells              Type           Power      Damage    Failure   Level
a - Sandblast             Erth           62%        2d14      1%          1
b - Passwall              Tmut/Erth      25%        N/A       1%          2
c - Stone Arrow           Conj/Erth      62%        3d10      1%          3
d - Petrify               Tmut/Erth      31%        N/A       7%          4
e - Lee's Rapid Deconstr  Erth           15%        3d11*     19%         5
f - Pain                  Necr           100%       1d9       1%          1
g - Wereblood             Tmut           31%        N/A       1%          2
h - Summon Guardian Gole  Hex/Summ       31%        N/A       1%          3
i - Ignite Poison         Fire/Tmut/Pois 31%        N/A       1%          3
Your spell library was empty.

Dungeon Overview and Level Annotations

Branches:
Dungeon (7/15)             Temple (0/1) D:7

Altars:
Dithmenos
Wu Jian

Annotations:
D:6 Harold


Innate Abilities, Weirdness & Mutations

You are immune to sickness and miasma.
You are immune to poison.
Your flesh is very heat resistant. (rF++)
You are vulnerable to cold. (rC-)
You float through the air rather than walking.
You learn spells naturally, not from books.
Your magical power is your life essence.
You have superior vitality. (+4 HP)


Message History

Aiming: Stone Arrow (safe; 1% risk of failure)
Press: ? - help, Shift-Dir - straight line, f/p - Harold
Aim: Harold, wielding a +0 flail of draining, wearing a +0 ring mail and quivering a throwing net (heavily wounded, 84% to hit)
The stone arrow misses Harold.
Harold hits you with a +0 flail of draining!
Unknown command.
Unknown command.
Casting: Stone Arrow (safe; 1% risk of failure)
Confirm with . or Enter, or press ? or * to list all spells.
Aiming: Stone Arrow (safe; 1% risk of failure)
Press: ? - help, Shift-Dir - straight line, f/p - Harold
Aim: Harold, wielding a +0 flail of draining, wearing a +0 ring mail and quivering a throwing net (heavily wounded, 84% to hit)
The stone arrow hits Harold!
Harold is severely wounded.
Harold hits you with a +0 flail of draining!
* * * LOW HITPOINT WARNING * * *
Unknown command.
Casting: Stone Arrow (safe; 1% risk of failure)
Confirm with . or Enter, or press ? or * to list all spells.
Aiming: Stone Arrow (safe; 1% risk of failure)
Press: ? - help, Shift-Dir - straight line, f/p - Harold
Aim: Harold, wielding a +0 flail of draining, wearing a +0 ring mail and quivering a throwing net (severely wounded, 84% to hit)
The stone arrow misses Harold.
* * * LOW HITPOINT WARNING * * *
Harold hits you with a +0 flail of draining!
* * * LOW HITPOINT WARNING * * *
Unknown command.
Harold points at you and mumbles some strange words.
A sentinel's mark forms upon you.
Casting: Stone Arrow (safe; 1% risk of failure)
Confirm with . or Enter, or press ? or * to list all spells.
Aiming: Stone Arrow (safe; 1% risk of failure)
Press: ? - help, Shift-Dir - straight line, f/p - Harold
Aim: Harold, wielding a +0 flail of draining, wearing a +0 ring mail and quivering a throwing net (severely wounded, 84% to hit)
The stone arrow hits Harold!!
Harold is almost dead.
* * * LOW HITPOINT WARNING * * *
Harold fires a harpoon shot at you. The harpoon shot hits you!
You die...

#.####.......#
######..........#.#
#...............#.#
#.##########....#.#
##.# #....#.# ...#
#......# ..##
###..##### ..#
#####......# ..#
#.....@###.# ..#
#####.##.#># #.#
#.#
#.....##.#@###.#
..#
#.####...#.....#
###
##.####.#########
#### #.......# [..#
#..###### ##.###..#
.....#..#


You could see Harold.

Vanquished Creatures
  Pikel (D:6)
  Menkaure (D:4)
  A water moccasin (D:6)
  A sky beast (D:6)
  A necrophage (D:5)
  An ice beast (D:6)
  2 ogres
  3 lemures (D:6)
  Blork the orc (D:6)
  A bullfrog (D:6)
  A scorpion (D:6)
  5 wights (D:6)
  A howler monkey (D:6)
  A centaur zombie (D:5)
  2 jellies
  2 hounds (D:6)
  A bullfrog skeleton (D:3)
  Jessica (D:2)
  Natasha (thrice) (D:4)
  4 orc wizards
  A killer bee zombie (D:5)
  A hound skeleton (D:4)
  4 adders
  A howler monkey skeleton (D:5)
  2 white imps (D:6)
  An adder skeleton (D:2)
  4 dart slugs
  11 orcs
  5 ball pythons
  4 endoplasms
  2 giant cockroaches
  6 goblins
  6 hobgoblins
  3 quokkas
  3 bats
  2 frilled lizards (D:1)
  7 kobolds
  5 rats
102 creatures vanquished.

Notes
Turn   | Place    | Note
-------+----------+-------------------------------------------
     0 | D:1      | Vomitron the Djinni Earth Elementalist began the quest for
                  | the Orb.
     0 | D:1      | Reached XP level 1. HP: 15/15 MP: 0/0
   465 | D:1      | Reached XP level 2. HP: 18/22 MP: 0/0
   658 | D:1      | Found a faded altar of an unknown god.
   721 | D:1      | Became a worshipper of the Wu Jian Council
   721 | D:1      | Reached * piety under Wu Jian
  1675 | D:2      | Reached skill level 1 in Fighting
  1675 | D:2      | Reached XP level 3. HP: 19/27 MP: 0/0
  1675 | D:2      | Learned a level 1 spell: Pain
  1825 | D:2      | Reached skill level 1 in Shields
  1916 | D:2      | Reached XP level 4. HP: 28/32 MP: 0/0
  2207 | D:2      | Noticed Jessica
  2208 | D:2      | Killed Jessica
  2896 | D:3      | Reached XP level 5. HP: 21/37 MP: 0/0
  2896 | D:3      | Learned a level 2 spell: Wereblood
  2907 | D:3      | Reached ** piety under Wu Jian
  3653 | D:3      | Found an ornate altar of the Wu Jian Council.
  3653 | D:3      | Found a shadowy altar of Dithmenos.
  3845 | D:4      | Reached XP level 6. HP: 43/43 MP: 0/0
  4564 | D:4      | Noticed Menkaure
  4568 | D:4      | Killed Menkaure
  4569 | D:4      | Reached XP level 7. HP: 43/49 MP: 0/0
  4569 | D:4      | Learned a level 3 spell: Summon Guardian Golem
  4685 | D:4      | Noticed Natasha
  4693 | D:4      | Killed Natasha
  4804 | D:4      | Noticed Natasha
  4806 | D:4      | Killed Natasha
  4849 | D:4      | Noticed Natasha
  4854 | D:4      | Killed Natasha
  5003 | D:5      | Entered Level 5 of the Dungeon
  5283 | D:5      | Identified the +5 hand axe of Okawaru's Esteem {drain,
                  | Dex+4}
  5512 | D:5      | Reached XP level 8. HP: 40/56 MP: 0/0
  6417 | D:6      | Noticed Pikel
  6426 | D:6      | Killed Pikel
  6427 | D:6      | Reached skill level 5 in Dodging
  6427 | D:6      | Reached skill level 5 in Spellcasting
  6567 | D:6      | Reached XP level 9. HP: 44/63 MP: 0/0
  6567 | D:6      | Learned a level 3 spell: Ignite Poison
  6750 | D:6      | Noticed Blork the orc
  6763 | D:6      | Killed Blork the orc
  7046 | D:6      | Reached *** piety under Wu Jian
  7272 | D:6      | Reached skill level 5 in Fighting
  7827 | D:6      | Identified the +1 leather armour "Etimiom" {Harm rCorr
                  | Int-5 Stlth-}
  8038 | D:7      | Found a staircase to the Ecumenical Temple.
  8038 | D:7      | Noticed Harold
  8154 | D:6      | Killed from afar by Harold

Illustrated notes

Levels and vault maps discovered:
D:1:      dpeg_arrival_arbitrary_b, layout_basic,
          shapermc_ecumenical_altar_mp_highgroup, minmay_misc_feat_roman,
          minivault_4, chequers_big_river
D:2:      layout_basic, st_stairs_13, uniq_jessica
D:3:      layout_rooms, gammafunk_temple_overflow_pools
D:4:      layout_rooms, feat_on_display, uniq_natasha, uniq_menkaure
D:5:      layout_gridville
D:6:      layout_basic, grunt_ministairs_10, uniq_blork_the_orc, uniq_pikel
D:7:      layout_cave_pools, minmay_temple_entry_trees, uniq_harold,
          uniq_duvessa, uniq_joseph

Skill      XL: |  1  2  3  4  5  6  7  8  9 |
---------------+----------------------------+-----
Fighting       | 1 2 3 4 5 |  5.3
Shields        | 1 2 3 4 |  4.0
Spellcasting   | 3 4 5 6 |  6.6
Dodging        | 3 4 5 6 |  6.4
Stealth        | |  1.5

Action                   |  1- 3 |  4- 6 |  7- 9 || total
-------------------------+-------+-------+-------++-------
Melee: Short sword       |    82 |   133 |    14 ||   229
       Unarmed           |     9 |       |       ||     9
       Long sword        |       |       |     3 ||     3
 Fire: Hunting sling     |       |    12 |    51 ||    63
 Cast: Sandblast         |    10 |    21 |     5 ||    36
       Stone Arrow       |     2 |    17 |    71 ||    90
Invok: Lunge             |     1 |    10 |     1 ||    12
       Whirlwind         |       |     5 |       ||     5
  Use: Scroll            |       |       |    11 ||    11
 Stab: Sleeping          |     1 |     3 |       ||     4
Armor: Robe              |    14 |    25 |     5 ||    44
Dodge: Dodged            |    57 |    71 |    34 ||   162
Block: Buckler           |       |    22 |    16 ||    38

Table legend: (Time is in decaauts)
 A = Elapsed time spent in this place.
 B = Non-inter-level travel time spent in this place.
 C = Inter-level travel time spent in this place.
 D = Time resting spent in this place.
 E = Time spent auto-exploring this place.
 F = Levels seen in this place.
 G = Mean time per level.
                   A        B        C        D        E       F      G
               +--------+--------+--------+--------+--------+-----+--------+
         Total |   8190 |   8021 |    169 |   3596 |   3464 |   7 | 1170.0 |
       Dungeon |   8190 |   8021 |    169 |   3596 |   3464 |   7 | 1170.0 |
               +--------+--------+--------+--------+--------+-----+--------+

Top non-repeatable levels by time:
     D:6: 2128 daAuts
     D:1: 1676 daAuts
     D:3: 1275 daAuts
     D:4: 1126 daAuts
     D:2: 1062 daAuts
     D:5: 909 daAuts
     D:7: 12 daAuts
